 Dungeon Crawl Stone Soup version 0.22.1 (webtiles) character file.

305 LLavrengius the Skirmisher (level 6, -4/57 HPs)
             Began as a Naga Wizard on Sept 18, 2018.
             Slain by an iguana (8 damage)
             ... on level 4 of the Dungeon.
             The game lasted 00:17:09 (3730 turns).

LLavrengius the Skirmisher (Naga Wizard)            Turns: 3730, Time: 00:17:10

Health: -4/57      AC:  8    Str: 10    XL:     6   Next: 39%
Magic:  2/12       EV:  8    Int: 20    God:
Gold:   277        SH:  0    Dex:  9    Spells: 8/13 levels left

rFire    . . .     SeeInvis +   u - +0 spear
rCold    . . .     Gourm    .   (no shield)
rNeg     . . .     Faith    .   a - +0 robe
rPois    +         Spirit   .   h - +0 helmet
rElec    .         Reflect  .   m - scarf {repulsion}
rCorr    .         Harm     .   (no gloves)
MR       .....                  i - +0 naga barding (curse)
Stlth    ++........             (no amulet)
HPRegen  0.19/turn              (no ring)
MPRegen  0.13/turn              (no ring)

@: repel missiles, very slow
A: large, see invisible, deformed body, poison resistance, slowness 2, slow
metabolism 1, spit poison 1, AC +2
a: Spit Poison


You were on level 4 of the Dungeon.
You were hungry.

You visited 1 branch of the dungeon, and saw 4 of its levels.

You collected 277 gold pieces.

Inventory:

Hand Weapons
 g - a +0 club
 j - a +0 hunting sling
 o - a +1 dagger of venom
 s - a +0 hunting sling
 u - a +0 spear (weapon)
Missiles
 e - 29 poisoned needles
 t - 66 stones
 C - 3 poisoned javelins (quivered)
 D - a throwing net
Armour
 a - a +0 robe (worn)
 h - a +0 helmet (worn)
 i - a cursed +0 naga barding (worn)
 m - a scarf of repulsion (worn)
Wands
 x - a wand of iceblast (6)
Scrolls
 b - 4 scrolls of identify {unknown}
 c - a scroll of fear {unknown}
 k - 5 scrolls of teleportation {unknown}
 p - a scroll of magic mapping {unknown}
 q - a scroll of enchant weapon {unknown}
 r - a scroll of enchant armour {unknown}
 v - a scroll of noise {unknown}
 y - a scroll of fog {unknown}
Potions
 f - 4 potions of curing {unknown}
 l - a potion of might {unknown}
 n - a potion of haste {unknown}
 w - 3 potions of lignification {unknown}
 z - a potion of magic {unknown}
 A - a potion of degeneration {unknown}
Comestibles
 d - 9 rations


   Skills:
 * Level 4.2 Fighting
 - Level 1.5 Dodging
 - Level 3.0 Stealth
 + Level 4.1 Spellcasting
 - Level 2.1 Conjurations
 + Level 2.4 Summonings
 - Level 1.0 Translocations


You had 8 spell levels left.
You knew the following spells:

 Your Spells              Type           Power        Failure   Level  Hunger
a - Magic Dart            Conj           ##..         5%          1    None
b - Blink                 Tloc           N/A          13%         2    #......
c - Call Imp              Summ           ##......     7%          2    #......

Your spell library contained the following spells:

 Spells                   Type           Power        Failure   Level  Hunger
 Slow                     Hex            #.......     19%         2    #......
 Conjure Flame            Conj/Fire      #.......     26%         3    ###....
 Mephitic Cloud           Conj/Pois/Air  #.......     28%         3    ###....


Dungeon Overview and Level Annotations

Branches:
Dungeon (4/15)
 Temple: D:4-7

Altars:
Fedhas
Hepliaklqana
Kikubaaqudgha
Makhleb
Wu Jian

Annotations:
D:4 1 transporter, 2 runed doors, topfpfpflanze's ghost, amateur VSEE


Innate Abilities, Weirdness & Mutations

You cannot wear boots.
Your serpentine skin is tough. (AC +2)
You have supernaturally acute eyesight. (SInv)
Armour fits poorly on your strangely shaped body.
Your system is resistant to poisons. (rPois)
You cover ground very slowly.
You have a slow metabolism.
You can spit poison.


Message History

Quiver which item? (- for none, * to show all) (? for menu, Esc to quit)
Quivering
C - 5 poisoned javelins for throwing.
Throwing (i - inventory. (/) - cycle)
C - 5 poisoned javelins (quivered)
Press: ? - help, Shift-Dir - straight line, f/p - iguana
Aim: an iguana (heavily wounded)
You throw a poisoned javelin.
The poisoned javelin hits the iguana but does no damage.
The iguana is poisoned.
The iguana is heavily wounded.
Throwing (i - inventory. (/) - cycle)
C - 4 poisoned javelins (quivered)
Press: ? - help, Shift-Dir - straight line, f/p - iguana
Aim: an iguana (heavily wounded, poisoned)
You throw a poisoned javelin.
The poisoned javelin closely misses the iguana.
Your crimson imp blinks!
You are too injured to fight recklessly!
You barely miss the iguana.
The iguana is severely wounded.
The iguana bites you!
You die...

...............
#.............(..
...........####
#.############### ...........#
#.#...#.ยง....... ...........#
#.#.#.#.######## ...........+
#.#.#..<#
###........######'#.###.#.###
..........#........(..5....#
......######........###.#.#....
...... .......@l..# #.#.# ##
...... ...........# #.# .
...........# #.# ##
...........# #.. ###........#
### ........### ##########


You could see an iguana and a friendly shadow imp.

Vanquished Creatures
  A hound (D:2)
  Robin (D:3)
  3 adders
  A worm (D:3)
  3 dart slugs
  A leopard gecko (D:3)
  An orc (D:4)
  6 bats
  5 giant cockroaches
  14 goblins
  6 hobgoblins
  4 jackals
  2 kobolds
  A quokka (D:3)
  3 frilled lizards
  5 rats
57 creatures vanquished.

Vanquished Creatures (collateral kills)
  Grinder (D:3)
  A worker ant (D:3)
  A river rat (D:3)
  2 worms (D:2)
  2 leopard geckos (D:3)
  2 orcs (D:3)
  2 bats (D:3)
  A giant cockroach (D:3)
  4 goblins (D:3)
  3 hobgoblins (D:3)
  3 jackals (D:1)
22 creatures vanquished.

Grand Total: 79 creatures vanquished

Notes
Turn   | Place    | Note
-------+----------+-------------------------------------------
     0 | D:1      | LLavrengius the Naga Wizard began the quest for the Orb.
     0 | D:1      | Reached XP level 1. HP: 15/15 MP: 4/4
   489 | D:1      | Reached skill level 1 in Fighting
   489 | D:1      | Reached XP level 2. HP: 25/25 MP: 4/6
   493 | D:1      | Learned a level 2 spell: Blink
   496 | D:1      | Learned a level 2 spell: Call Imp
  1137 | D:2      | Reached XP level 3. HP: 22/32 MP: 1/7
  1580 | D:2      | Found a hazy altar of Hepliaklqana.
  1637 | D:2      | Found a blossoming altar of Fedhas.
  1710 | D:2      | Found a burning altar of Makhleb.
  1723 | D:2      | Reached XP level 4. HP: 33/40 MP: 0/9
  2239 | D:3      | Found an ornate altar of the Wu Jian Council.
  2373 | D:3      | Noticed Robin
  2406 | D:3      | HP: 1/42 [goblin/dagger[Robin] (3)]
  2413 | D:3      | Killed Robin
  2413 | D:3      | Reached XP level 5. HP: 2/49 MP: 1/10
  2726 | D:3      | Noticed Grinder
  2741 | D:3      | Killed Grinder
  2741 | D:3      | Reached XP level 6. HP: 40/57 MP: 1/12
  3439 | D:4      | Found a transporter.
  3517 | D:4      | Found an ancient bone altar of Kikubaaqudgha.
  3522 | D:4      | Found a large runed door.
  3522 | D:4      | Found a large runed door.
  3523 | D:4      | Noticed a yak
  3524 | D:4      | Noticed topfpfpflanze's ghost (amateur VSEE)
  3730 | D:4      | Slain by an iguana

Skill      XL: |  1  2  3  4  5 |
---------------+----------------+-----
Fighting       | 1 2 3 4 |  4.2
Conjurations   | 2 |  2.1
Spellcasting   | 4 |  4.1
Summonings     | 2 |  2.4
Dodging        | |  1.5
Stealth        | |  3.0
Translocations | |  1.0

Action                   |  1- 3 |  4- 6 || total
-------------------------+-------+-------++-------
Melee: Unarmed           |    23 |       ||    23
       Club              |    66 |     5 ||    71
       Spear             |       |   183 ||   183
Throw: Javelin           |       |     2 ||     2
 Cast: Magic Dart        |    51 |    13 ||    64
       Call Imp          |     4 |    23 ||    27
       Blink             |     1 |    10 ||    11
 Abil: Spit Poison       |     1 |       ||     1
 Stab: Sleeping          |     1 |     4 ||     5
       Distracted        |       |     3 ||     3
  Eat: Chunk             |     1 |     7 ||     8
Armor: Robe              |    56 |    77 ||   133
Dodge: Dodged            |    73 |    64 ||   137
